 Dungeon Crawl Stone Soup version 0.18-a0-1027-g814d7dd (webtiles) character file.

3368 George the Carver (level 9, -14/75 HPs)
             Began as a Minotaur Fighter on Jan 8, 2016.
             Was an Initiate of the Shining One.
             Demolished by Gastronok (34 damage)
             ... on level 8 of the Dungeon.
             The game lasted 00:16:01 (6392 turns).

George the Carver (Minotaur Fighter)                Turns: 6392, Time: 00:16:02

Health: -14/75     AC: 11    Str: 23    XL:     9   Next: 73%
Magic:  9/9        EV:  9    Int:  5    God:    the Shining One [......]
Gold:   547        SH: 11    Dex: 11    Spells: 0 memorised, 8 levels left

rFire  . . .     SeeInvis .     M - +3 falchion (freeze)
rCold  + . .     Gourm    +     G - +1 ring mail {rC+}
rNeg   . . .     Faith    .     c - +1 shield
rPois  .         Spirit   .     (helmet restricted)
rElec  .         Dismiss  .     (no cloak)
rCorr  +         Reflect  .     (no gloves)
SustAt .         Harm     .     B - +2 pair of boots
MR     .....                    E - amulet of the gourmand
Stlth  +.........               Q - ring of resist corrosion
                                x - ring of flight

@: not resistant to hostile enchantments, very unstealthy
A: retaliatory headbutt, hooves 1, horns 2, rugged brown scales 1
a: Renounce Religion, Evoke Flight


You were on level 8 of the Dungeon.
You worshipped the Shining One.
The Shining One was noncommittal.
You were not hungry.

You visited 2 branches of the dungeon, and saw 9 of its levels.

You collected 547 gold pieces.

Inventory:

Hand Weapons
 v - a +0 short sword of holy wrath
 M - a +3 falchion of freezing (weapon)
 T - a +0 rapier of venom
Armour
 c - a +1 shield (worn)
 B - a +2 pair of boots (worn)
 G - a +1 ring mail of cold resistance (worn)
Jewellery
 x - a ring of flight (left hand)
 E - an amulet of the gourmand (around neck)
 Q - a ring of resist corrosion (right hand)
Wands
 u - a wand of digging (10/24)
 J - a wand of fire (11/15)
 K - a wand of fireball (7/15)
Scrolls
 l - a scroll of fear
 m - 4 scrolls of remove curse
 t - 2 scrolls of blinking
 w - a scroll of recharging
 D - 2 scrolls of teleportation
 V - a scroll of fog
Potions
 d - 4 potions of might
 h - 2 potions of brilliance
 i - a potion of agility
 j - 2 potions of resistance
 o - a potion of haste
 p - 5 potions of curing
 q - 3 potions of flight
 r - 3 potions of invisibility
 O - a potion of cure mutation
 R - a potion of berserk rage {unknown}
Comestibles
 f - 7 bread rations
 g - 3 beef jerkies
 z - 8 fruits
 W - a slice of pizza


   Skills:
 + Level 4.8 Fighting
 + Level 14.7 Long Blades
 + Level 4.8 Armour
 + Level 1.9 Dodging
 + Level 4.3 Shields
 + Level 1.4 Invocations


You had 8 spell levels left.
You didn't know any spells.

Dungeon Overview and Level Annotations

Branches:
Dungeon (8/15)             Temple (1/1) D:7
   Lair: D:8-11

Altars:
Ashenzari
Dithmenos
Elyvilon
Fedhas
Gozag
Kikubaaqudgha
Makhleb
Nemelex Xobeh
Okawaru
Pakellas
Qazlal
Ru
Trog
Vehumet
Xom
Yredelemnul
Zin
The Shining One

Annotations:
D:8 Gastronok


Innate Abilities, Weirdness & Mutations

You reflexively headbutt those who attack you in melee.
You have a pair of horns on your head.
You have large cloven feet.
You are partially covered in rugged brown scales (AC +1, +3% HP).


Message History

You hit Gastronok. You freeze Gastronok. You headbutt Gastronok!
Gastronok is moderately wounded.
Gastronok waves his eye-stalks in wide circles.
The air twists around and strikes you!
You hit Gastronok. You freeze Gastronok. You headbutt Gastronok!
Gastronok is moderately wounded.
You hit Gastronok. You freeze Gastronok.
Gastronok is moderately wounded.
You slash Gastronok! You freeze Gastronok. You headbutt Gastronok!
Gastronok is heavily wounded.
Gastronok bites you!!
* * * LOW HITPOINT WARNING * * *
You slash Gastronok! You freeze Gastronok. You headbutt Gastronok.
Gastronok is severely wounded.
You slash Gastronok! You freeze Gastronok. You headbutt Gastronok.
Gastronok is severely wounded.
You hit Gastronok. You freeze Gastronok.
Gastronok is severely wounded.
Gastronok bites you!!
You die...

#......................
#.......##....##.......
#......#.##..##.#)..... ##....# #
####.#.#..... #....#
#....#.##....# #...#
##......##.#...# ########
#..#.#..........#.#..# #......#
###..##............##..# #.####.#
#...#..@w............#.#
#.####.###.#...............)....#
#..........##....##.....###.#####
#....#.#######.#... ..). #.#
#..#.#.# #.##### ### #.# #......#
#.# ###.##### #......# ##+#
#.......# #.##.#.# ##...##
#.#.###.# #.##.#.#####.....##
##...###.#


You could see Gastronok.

Vanquished Creatures
  Pikel (D:5)
  Eustachio (D:4)
  A hungry ghost (D:8)
  Edmund (D:5)
  An orc warrior (D:6)
  A slave (D:5)
  A wasp (D:7)
  A necrophage (D:5)
  2 phantoms
  3 centaurs
  4 giant frogs
  Blork the orc (D:6)
  A scorpion (D:7)
  A wyvern skeleton (D:8)
  8 wights
  5 crimson imps
  A giant frog zombie (D:5)
  4 orc priests (D:6)
  A centaur skeleton (D:5)
  2 giant frog skeletons (D:4)
  8 orc wizards
  2 hounds
  A jelly (D:5)
  An iguana (D:5)
  4 worker ants
  A worker ant zombie (D:7)
  11 adders
  2 oozes (D:3)
  An adder skeleton (D:4)
  An adder zombie (D:6)
  2 worms
  5 giant geckos
  44 orcs
  7 bats
  5 giant cockroaches
  A goblin (D:1)
  6 hobgoblins
  11 jackals
  7 kobolds
  2 quokkas
  A ball python zombie (D:6)
  4 giant newts
  5 rats
173 creatures vanquished.

Vanquished Creatures (others)
  A jelly (D:5)
  An orc (D:5)
  A quokka zombie (D:5)
3 creatures vanquished.

Grand Total: 176 creatures vanquished

Notes
Turn   | Place    | Note
--------------------------------------------------------------
     0 | D:1      | George the Minotaur Fighter began the quest for the Orb.
     0 | D:1      | Reached XP level 1. HP: 19/19 MP: 0/0
   131 | D:1      | Reached XP level 2. HP: 15/26 MP: 1/1
   676 | D:2      | Reached skill level 4 in Long Blades
   816 | D:2      | Reached XP level 3. HP: 23/31 MP: 2/2
  1166 | D:3      | Found an oddly glowing altar of Pakellas.
  1305 | D:3      | Reached skill level 5 in Long Blades
  1477 | D:3      | Reached XP level 4. HP: 39/39 MP: 3/3
  1591 | D:3      | Found a blossoming altar of Fedhas.
  1644 | D:3      | Found a sacrificial altar of Ru.
  1831 | D:3      | Reached skill level 6 in Long Blades
  2155 | D:4      | Noticed Eustachio
  2170 | D:4      | Reached XP level 5. HP: 5/45 MP: 4/4
  2379 | D:4      | Killed Eustachio
  2379 | D:4      | Reached skill level 7 in Long Blades
  2379 | D:4      | Reached XP level 6. HP: 32/51 MP: 5/5
  2528 | D:4      | Reached skill level 8 in Long Blades
  2703 | D:4      | Reached skill level 9 in Long Blades
  2749 | D:4      | Reached XP level 7. HP: 54/57 MP: 6/6
  2876 | D:4      | Found a shimmering altar of Xom.
  2877 | D:4      | Found a burning altar of Makhleb.
  2915 | D:5      | Entered Level 5 of the Dungeon
  3047 | D:5      | Noticed Edmund
  3060 | D:5      | Killed Edmund
  3060 | D:5      | Reached skill level 10 in Long Blades
  3363 | D:5      | Noticed Pikel
  3385 | D:5      | Killed Pikel
  3385 | D:5      | Reached skill level 12 in Long Blades
  3385 | D:5      | Reached XP level 8. HP: 61/64 MP: 7/7
  4006 | D:6      | Found an iron altar of Okawaru.
  4014 | D:6      | Reached skill level 13 in Long Blades
  4120 | D:6      | Reached XP level 9. HP: 16/70 MP: 8/8
  4632 | D:6      | Noticed Blork the orc
  4638 | D:6      | Killed Blork the orc
  4638 | D:6      | Reached skill level 14 in Long Blades
  4782 | D:6      | Found a stormy altar of Qazlal.
  5532 | D:7      | Reached skill level 1 in Dodging
  5637 | D:7      | Found a staircase to the Ecumenical Temple.
  5648 | Temple   | Entered the Ecumenical Temple
  5711 | Temple   | Became a worshipper of the Shining One
  6022 | D:7      | Gained mutation: You have large cloven feet. [potion of beneficial mutation]
  6023 | D:7      | Gained mutation: You are partially covered in rugged brown scales (AC +1, +3% HP). [potion of beneficial mutation]
  6242 | D:8      | Reached skill level 1 in Invocations
  6379 | D:8      | Noticed Gastronok
  6392 | D:8      | Demolished by Gastronok

Vault maps used:
D:1:      roderic_crossed_star, minmay_misc_feat_tiny
D:3:      lemuel_upstairs_altar, nicolae_overflow_hidden_temple,
          grunt_pakellas_basics, first_bread, fedhas_altar_fruit_tree
D:4:      grunt_temple_overflow_champion_of_chaos, uniq_eustachio
D:5:      uniq_pikel, uniq_edmund
D:6:      kennysheep_mini, okawaru_metal_pillars_3, uniq_blork_the_orc
D:7:      minmay_temple_entry_statues_fountains
D:8:      minmay_misc_feat_secret_circle, uniq_gastronok, uniq_erica
Temple:   zaba_magenta_temple_12

Action                   |  1- 3 |  4- 6 |  7- 9 || total
-------------------------+-------+-------+-------++-------
Melee: Long sword        |   100 |   136 |   110 ||   346
       Scimitar          |       |       |    71 ||    71
       Falchion          |       |       |   161 ||   161
  Use: Potion            |       |     1 |     2 ||     3
       Scroll            |       |       |    21 ||    21
  Eat: Chunk             |     2 |     4 |    20 ||    26
